 Dungeon Crawl Stone Soup version 0.31-a0-18-gea43df2a32 (webtiles) character file.

Game seed: 18334400369150918371

1848 bande the Chopper (level 9, 0/54 HPs)
             Began as a Gargoyle Fighter on May 9, 2023.
             Killed from afar by Maggie (22 damage)
             ... with a bolt of fire
             ... on level 6 of the Dungeon.
             The game lasted 00:08:27 (5381 turns).

bande the Chopper (Gargoyle Fighter)                Turns: 5381, Time: 00:08:27

Health: 0/54       AC: 16    Str: 20    XL:     9   Next: 12%
Magic:  9/9        EV:  9    Int:  9    God:
Gold:   185        SH:  5    Dex: 13    Spells: 8/8 levels left

rFire   . . .        f - +3 war axe (heavy)
rCold   + . .        c - +0 buckler
rNeg    + . .        b - +0 scale mail
rPois   ∞            (no helmet)
rElec   +            m - +1 cloak
rCorr   .            (no gloves)
SInv    .            (no boots)
Will    .....        (no amulet) Stlth
                     l - ring of protection from cold
HPRegen 0.29/turn    (no ring)
MPRegen 0.11/turn

%: no passive effects
@: mesmerised
A: sickness immunity, AC +6, negative energy resistance 1, electricity
resistance, torment resistance 1, petrification resistance
a: no special abilities


You were on level 6 of the Dungeon.
You visited 1 branch of the dungeon, and saw 6 of its levels.

You collected 185 gold pieces.

Inventory:

Hand Weapons
 a - a +0 war axe
 f - a +3 heavy war axe (weapon)
Missiles
 s - 2 throwing nets (quivered)
Armour
 b - a +0 scale mail (worn)
 c - a +0 buckler (worn)
 m - a +1 cloak (worn)
Jewellery
 l - a ring of protection from cold (left hand)
 q - a ring of magical power
Wands
 j - a wand of acid (16)
 n - a wand of flame (57)
 w - a wand of iceblast (14)
Scrolls
 k - a scroll of magic mapping
 p - 2 scrolls of teleportation
 r - a scroll of amnesia
 t - a scroll of identify
 x - a scroll of brand weapon {unknown}
Potions
 d - 3 potions of might
 e - a potion of brilliance
 g - a potion of haste
 h - 4 potions of curing
 i - a potion of mutation {unknown}
 o - a potion of lignification {unknown}
 u - a potion of experience {unknown}
 v - a potion of heal wounds {unknown}


   Skills:
 + Level 5.2 Fighting
 + Level 7.1 Axes
 + Level 6.9 Armour
 - Level 0.3 Stealth
 + Level 4.9 Shields
 * Level 3.7 Evocations


You had 8 spell levels left.
You didn't know any spells.
Your spell library contained the following spells:

 Spells                   Type           Power      Damage    Failure   Level
 Slow                     Hex            0%         N/A       78%         1
 Confusing Touch          Hex            0%         N/A       98%         3
 Ozocubu's Armour         Ice            0%         N/A       98%         3
 Vampiric Draining        Necr           0%         2d6       98%         3
 Metabolic Englaciation   Hex/Ice        0%         N/A       100%        5
 Simulacrum               Ice/Necr       0%         N/A       100%        6


Dungeon Overview and Level Annotations

Branches:
Dungeon (6/15)
 Temple: D:4-7

Altars:
Elyvilon
Kikubaaqudgha
Xom

Shops:
D:1 :   D:5 *

Annotations:
D:4 2 transporters, RexyHasStrongPerfume's ghost, amateur OgGl
D:6 Maggie


Innate Abilities, Weirdness & Mutations

You are immune to sickness and miasma.
Your stone body is resilient. (AC +6)
You are immune to poison.
You resist negative energy. (rN+)
You are resistant to electric shocks. (rElec)
You are resistant to unholy torment.
You are immune to petrification.


Message History

Maggie shouts!
Maggie gestures at you while chanting. The bolt of fire misses you.
Maggie gestures wildly while chanting.
Maggie attempts to bespell you!
You easily resist.
You closely miss Maggie.
Maggie mumbles the words to a spell, but in the wrong order.
Maggie mumbles some strange words.
Maggie attempts to bespell you!
You are mesmerised by Maggie!
You block Maggie's attack.
You hit Maggie.
Maggie is lightly wounded.
Maggie hits you with a +0 heavy broad axe!
You closely miss Maggie.
Maggie is lightly wounded.
Maggie barely misses you.
You closely miss Maggie.
Maggie is lightly wounded.
Maggie gestures at you while chanting. The bolt of fire hits you!!
Maggie casts a spell.
Maggie draws you further into her thrall.
You are too injured to fight recklessly!
You are too injured to fight recklessly!
You are too injured to fight recklessly!
You are too injured to fight recklessly!
You are too injured to fight recklessly!
You are too injured to fight recklessly!
You are too injured to fight recklessly!
Unknown command.
You slash Maggie!
Maggie is moderately wounded.
You block Maggie's attack.
You barely miss Maggie.
Maggie is moderately wounded.
You block Maggie's attack. Maggie gestures at you while chanting.
The bolt of fire hits you!!
You die...

#.# #.#..#
#.# #.#..#
#.# #.#..#
#.# #.#..#
#.# #.#...
#.# #.####
#.# #.....
#.##########
######
#...@@......
############


You could see Maggie (mesmerising).

Vanquished Creatures
  Eustachio (D:5)
  A steam dragon (D:5)
  Menkaure (D:4)
  2 black bears
  2 ice beasts (D:5)
  Blork the orc (D:5)
  A bullfrog (D:5)
  A scorpion (D:6)
  A howler monkey (D:5)
  2 electric eels (D:3)
  8 hounds
  3 orc priests
  A gnoll bouda (D:6)
  A jelly (D:5)
  4 iguanas
  3 orc wizards
  8 gnolls
  6 adders
  2 white imps
  3 ufetubi
  2 worms (D:2)
  4 dart slugs
  12 orcs
  6 bats
  10 endoplasms
  4 giant cockroaches
  6 goblins
  6 hobgoblins
  6 kobolds
  A quokka (D:1)
  6 ball pythons
  2 frilled lizards
  A rat (D:3)
118 creatures vanquished.

Notes
Turn   | Place    | Note
-------+----------+-------------------------------------------
     0 | D:1      | bande the Gargoyle Fighter began the quest for the Orb.
     0 | D:1      | Reached XP level 1. HP: 14/14 MP: 1/1
    44 | D:1      | Reached XP level 2. HP: 19/19 MP: 2/2
    63 | D:1      | Found Fouxapn's Book Boutique.
   307 | D:1      | Reached skill level 2 in Axes
   307 | D:1      | Reached XP level 3. HP: 23/23 MP: 3/3
   699 | D:2      | Found a faded altar of an unknown god.
   868 | D:2      | Reached XP level 4. HP: 22/29 MP: 4/4
  1191 | D:3      | Found a transporter.
  1218 | D:3      | Noticed a black bear
  1226 | D:3      | Killed a black bear
  1227 | D:3      | Reached skill level 3 in Axes
  1227 | D:3      | Reached XP level 5. HP: 29/33 MP: 5/5
  1359 | D:3      | Reached skill level 5 in Armour
  1359 | D:3      | Reached XP level 6. HP: 17/38 MP: 6/6
  1684 | D:3      | Found a faded altar of an unknown god.
  1711 | D:3      | Found a transporter.
  1824 | D:3      | Reached skill level 4 in Axes
  2135 | D:3      | Found a shimmering altar of Xom.
  2315 | D:4      | Noticed Menkaure
  2355 | D:4      | Killed Menkaure
  2356 | D:4      | Reached skill level 1 in Evocations
  2356 | D:4      | Reached XP level 7. HP: 11/44 MP: 7/7
  2635 | D:4      | Found an ancient bone altar of Kikubaaqudgha.
  2945 | D:4      | Found a transporter.
  2947 | D:4      | Noticed RexyHasStrongPerfume's ghost (amateur OgGl)
  2947 | D:4      | Identified the +2 great mace of Eraeqos {flame, rElec rC-
                  | rN++ MP+9}
  2948 | D:4      | Found a transporter.
  3322 | D:4      | Found a white marble altar of Elyvilon.
  3406 | D:4      | Reached skill level 5 in Axes
  3731 | D:5      | Entered Level 5 of the Dungeon
  3860 | D:5      | Noticed a steam dragon
  3870 | D:5      | Noticed Eustachio
  3871 | D:5      | Reached XP level 8. HP: 14/48 MP: 8/8
  3889 | D:5      | Reached skill level 6 in Axes
  3896 | D:5      | HP: 1/48 [Eustachio/+0 falchion (3)]
  3897 | D:5      | Killed Eustachio
  4280 | D:5      | Upgraded the game from 0.31-a0-16-g6d2539766c to
                  | 0.31-a0-18-gea43df2a32
  4715 | D:5      | Found Nauhouch's General Store.
  4770 | D:5      | Reached skill level 5 in Fighting
  4797 | D:5      | Noticed Blork the orc
  4804 | D:5      | Killed Blork the orc
  4956 | D:6      | Reached XP level 9. HP: 54/54 MP: 9/9
  5055 | D:6      | Reached skill level 7 in Axes
  5372 | D:6      | Noticed Maggie
  5381 | D:6      | Killed from afar by Maggie

Illustrated notes

Levels and vault maps discovered:
D:1:      lemuel_arrival_funnel, layout_rooms, serial_shops, shop
D:2:      layout_basic, chequers_ecumenical_altar_island
D:3:      gammafunk_steamed_eel, layout_basic, nicolae_overflow_ecumenical_swirl
D:4:      layout_layer_cave, elyvilon_altar_1, mainiacjoe_overflow_brackets,
          gammafunk_ghost_smash, uniq_menkaure
D:5:      layout_loops_ring, serial_shops, nicolae_lakefront_shop,
          uniq_eustachio, uniq_blork_the_orc
D:6:      layout_basic, temple_green, uniq_maggie

Skill      XL: |  1  2  3  4  5  6  7  8  9 |
---------------+----------------------------+-----
Axes           | 2 3 4 5 6 7 |  7.1
Armour         | 4 5 6 |  6.9
Fighting       | 4 5 |  5.2
Shields        | 4 |  4.9
Evocations     | 1 2 3 |  3.7
Stealth        | |  0.3

Action                     |  1- 3 |  4- 6 |  7- 9 || total
---------------------------+-------+-------+-------++-------
  Melee: War axe           |   111 |   143 |   185 ||   439
    Use: Scroll            |     4 |     6 |     3 ||    13
         Potion            |       |     2 |     2 ||     4
 Armour: Scale mail        |    84 |    67 |   180 ||   331
  Dodge: Dodged            |    76 |    63 |   146 ||   285
  Block: Buckler           |    25 |    32 |    50 ||   107

Table legend: (Time is in decaauts)
 A = Elapsed time spent in this place.
 B = Non-inter-level travel time spent in this place.
 C = Inter-level travel time spent in this place.
 D = Time resting spent in this place.
 E = Time spent auto-exploring this place.
 F = Levels seen in this place.
 G = Mean time per level.
                   A        B        C        D        E       F      G
               +--------+--------+--------+--------+--------+-----+--------+
         Total |   5561 |   5451 |    110 |    958 |   3337 |   6 |  926.8 |
       Dungeon |   5561 |   5451 |    110 |    958 |   3337 |   6 |  926.8 |
               +--------+--------+--------+--------+--------+-----+--------+

Top non-repeatable levels by time:
     D:4: 1671 daAuts
     D:5: 1179 daAuts
     D:3: 953 daAuts
     D:2: 777 daAuts
     D:6: 514 daAuts
     D:1: 465 daAuts
